 Dungeon Crawl Stone Soup version 0.29.1-15-g9cfb28693d (webtiles) character file.

Game seed: 7685308731256441302

80 promet the Magician (level 4, 0/24 HPs)
             Began as a Deep Elf Hedge Wizard on Feb 25, 2023.
             Slain by an orc
             ... wielding a +0 flail
              (7 damage)
             ... on level 3 of the Dungeon.
             The game lasted 00:15:25 (4409 turns).

promet the Magician (Deep Elf Hedge Wizard)         Turns: 4409, Time: 00:15:25

Health: 0/24       AC:  3    Str:  7    XL:     4   Next: 18%
Magic:  9/13       EV: 13    Int: 21    God:
Gold:   179        SH:  0    Dex: 14    Spells: 8/14 levels left

rFire   . . .      SeeInvis .   p - +0 short sword
rCold   . . .      Faith    .   (no shield)
rNeg    . . .      Spirit   .   m - +0 robe
rPois   .          Reflect  .   c - +0 hat
rElec   .          Harm     .   (no cloak)
rCorr   .          Rampage  .   (no gloves)
Will    .....                   f - +0 pair of boots
Stlth   ++........              (no amulet)
HPRegen 0.08/turn               (no ring)
MPRegen 0.13/turn               (no ring)

@: very slightly contaminated
A: no striking features
a: no special abilities


You were on level 3 of the Dungeon.
You visited 1 branch of the dungeon, and saw 3 of its levels.

You collected 179 gold pieces.

Inventory:

Hand Weapons
 a - a +0 spear
 b - a +0 sling
 k - a +0 dagger
 p - a +0 short sword (weapon)
 s - a +0 hand axe
Missiles
 e - 44 stones
 t - 5 atropa-tipped darts
Armour
 c - a +0 hat (worn)
 f - a +0 pair of boots (worn)
 m - a +0 robe (worn)
Scrolls
 g - 2 scrolls of identify
 i - 2 scrolls of torment {unknown}
 j - a scroll of vulnerability {unknown}
 n - a scroll of fear {unknown}
 o - a scroll of teleportation {unknown}
 r - a scroll of brand weapon {unknown}
Potions
 d - 2 potions of magic
 h - a potion of berserk rage
 l - a potion of cancellation {unknown}
 q - 2 potions of heal wounds {unknown}


   Skills:
 + Level 0.1 Fighting
 + Level 0.5 Short Blades
 * Level 0.4 Polearms
 + Level 0.5 Ranged Weapons
 + Level 2.9 Dodging
 + Level 2.9 Stealth
 + Level 5.7 Spellcasting
 + Level 1.5 Conjurations
 + Level 1.5 Summonings
 + Level 1.1 Translocations


You had 8 spell levels left.
You knew the following spells:

 Your Spells              Type           Power      Damage    Failure   Level
a - Magic Dart            Conj           48%        1d5       5%          1
b - Slow                  Hex            24%        N/A       10%         1
c - Blink                 Tloc           20%        N/A       10%         2
d - Call Imp              Summ           12%        N/A       9%          2

Your spell library contained the following spells:

 Spells                   Type           Power      Damage    Failure   Level
 Conjure Flame            Conj/Fire      9%         6-21      22%         3
 Stone Arrow              Conj/Erth      18%        3d8       22%         3
 Mephitic Cloud           Conj/Pois/Air  8%         N/A       24%         3
 Animate Armour           Summ/Erth      18%        N/A       58%         4
 Lehudib's Crystal Spear  Conj/Erth      4%         10d3      100%        8


Dungeon Overview and Level Annotations

Branches:
Dungeon (3/15)

Altars:
Trog

Shops:
D:1 =


Message History

Okay, then.
Okay, then.
You feel sick. The adder barely misses your white imp.
Your white imp hits the adder.
Your white imp freezes the adder.
The adder seems to slow down.
The adder dies!
You start resting.
You feel sick. x2
You are no longer poisoned.
You start resting.
You hear a splashing noise.
Magic restored.
You start resting.
You hear an angry hiss.
An orc comes into view. It is wielding a +0 flail.
An orc is nearby!
An orc is nearby!
Your white imp misses the orc.
The orc hits your white imp with a +0 flail.
Your white imp disappears in a puff of smoke!
Casting: Call Imp (safe; 9% risk of failure)
Confirm with . or Enter, or press ? or * to list all spells.
Aiming: Magic Dart (safe; 5% risk of failure)
Press: ? - help, Shift-Dir - straight line, f - orc
Aim: an orc, wielding a +0 flail (100% to hit)
The magic dart hits the orc.
The orc is moderately wounded.
Casting: Magic Dart (safe; 5% risk of failure)
Confirm with . or Enter, or press ? or * to list all spells.
You miscast Call Imp.
You are very lightly contaminated with residual magic.
Nothing appears to happen.
The orc attacks as you move away! The orc misses you.
Casting: Call Imp (safe; 9% risk of failure)
Confirm with . or Enter, or press ? or * to list all spells.
Aiming: Slow (safe; 10% risk of failure)
Press: ? - help, Shift-Dir - straight line, f/p - orc
Aim: an orc, wielding a +0 flail (moderately wounded, chance to affect: 61%)
The orc resists with significant effort.
The orc hits you with a +0 flail!
You die...

.#.#.#.#.#..... ######
##.#.#.#.#.#.#...# .....######
#.#.#.#.#.#.#.....
..........#######.#.#.#.#.#.#...#
.................#.#.#.#.#.#.#.#.
).........####....#.#.#.#.#.#.#.#
.....###### #.....#.#.#.#.#.#.#.
#.#### #....#.#.#.#.#.#.#.#
#.####### ###@#.#.#.#.#.#.#.#.
#.......# ##o#####.#.#.#.#.#
#######.# #..#PP#####.#.#.#. #.#
#..#PP.P.###.#.#.# #.#
#..#.~~~~~o######. #.#
#..~~..PPPo ##. #.# ##.#.PP###.
#.. #.# #.#..## ### #.# #.#.##


You could see an orc.

Vanquished Creatures
  An orc (D:2)
  3 endoplasms
  2 giant cockroaches
  3 goblins
  4 hobgoblins
  6 jackals (D:1)
  4 kobolds
  A quokka (D:2)
  6 ball pythons
  4 bats
  2 frilled lizards
  3 rats
39 creatures vanquished.

Vanquished Creatures (collateral kills)
  2 adders (D:3)
  A dart slug (D:1)
  2 orcs (D:3)
  An endoplasm (D:1)
  2 hobgoblins
  2 ball pythons (D:3)
  A bat (D:3)
  A frilled lizard (D:2)
  A kobold (D:2)
13 creatures vanquished.

Vanquished Creatures (others)
  9 fungi (D:3)
  7 plants
16 creatures vanquished.

Grand Total: 68 creatures vanquished

Notes
Turn   | Place    | Note
-------+----------+-------------------------------------------
     0 | D:1      | promet the Deep Elf Hedge Wizard began the quest for the
                  | Orb.
     0 | D:1      | Reached XP level 1. HP: 10/10 MP: 7/7
   291 | D:1      | Reached skill level 5 in Spellcasting
   659 | D:1      | Reached XP level 2. HP: 15/15 MP: 5/10
   749 | D:1      | Learned a level 1 spell: Slow
   752 | D:1      | Learned a level 2 spell: Blink
   755 | D:1      | Learned a level 2 spell: Call Imp
  1021 | D:1      | Found Tiaw's Jewellery Boutique.
  1691 | D:1      | Reached XP level 3. HP: 19/19 MP: 8/11
  2163 | D:2      | Found a bloodstained altar of Trog.
  4198 | D:3      | Reached XP level 4. HP: 24/24 MP: 13/13
  4409 | D:3      | Slain by an orc

Illustrated notes

Levels and vault maps discovered:
D:1:      wander_arrival_fairy_ring, layout_basic, serial_shops, shop
D:2:      layout_basic, basic_altar
D:3:      layout_basic, shapermc_ecumenical_altar_hornbeckon, patterned_corridor

Skill      XL: |  1 |
---------------+----+-----
Spellcasting   | 5 |  5.7
Fighting       | |  0.1
Short Blades   | |  0.5
Polearms       | |  0.4
Ranged Weapons | |  0.5
Dodging        | |  2.9
Stealth        | |  2.9
Conjurations   | |  1.5
Summonings     | |  1.5
Translocations | |  1.1

Action                   |  1- 3 |  4- 6 || total
-------------------------+-------+-------++-------
Melee: Dagger            |    15 |       ||    15
       Short sword       |    21 |     8 ||    29
       Spear             |    14 |       ||    14
 Fire: Sling             |    10 |       ||    10
 Cast: Magic Dart        |    58 |     4 ||    62
       Call Imp          |    13 |     2 ||    15
       Blink             |     5 |       ||     5
       Slow              |     2 |     1 ||     3
  Use: Scroll            |     3 |       ||     3
       Potion            |     1 |       ||     1
 Stab: Sleeping          |     3 |       ||     3
Armor: Robe              |    14 |     3 ||    17
Dodge: Dodged            |    58 |    14 ||    72
